Map: Ultralove

Players

jeannysu

  • Race: Zerg Zerg
  • Spawn Location: 7:00

인공지능 칸 (정예) - Winner!

  • Race: Protoss Protoss
  • Spawn Location: 1:00

VOD

Have the link to the VOD?

Description

Time

  • Played on: Sept. 30, 2025, 10:21 a.m.
  • Length: 11:01
Show
View Real Time Build Order
Export as new Build Order

jeannysu Zerg 

Build Orders: Hatch First 

Get SALT Encoding   

  12  0:00  Drone  
  13  0:08  Drone  
  14  0:16  Extractor, Drone  
  15  0:22  Overlord  
  15  0:44  Hatchery  
  15  0:47  Drone  
  15  0:51  Drone  
  15  0:54  Drone  
  17  0:59  Drone  
  18  1:08  Extractor  
  17  1:14  Spawning Pool  
  17  1:18  Drone  
  17  1:21  Drone  
  18  1:30  Drone  
  19  1:41  Drone  
  20  2:01  Queen x2  
  22  2:02  Zergling x2  
  22  2:03  Zergling x4  
  22  2:07  Overlord  
  27  2:16  Overlord  
  27  2:18  Metabolic Boost  
  27  2:38  Drone x4  
  31  2:44  Drone  
  31  2:46  Drone  
  33  2:55  Drone  
  34  3:01  Hatchery  
  33  3:17  Drone  
  33  3:18  Drone x6  
  40  3:22  Overlord  
  40  3:35  Queen  
  40  3:38  Drone x2  
  44  3:49  Zergling x2  
  44  3:50  Zergling x4  
  47  3:56  Hatchery, Roach Warren  
  47  3:58  Evolution Chamber  
  47  4:01  Evolution Chamber  
  43  4:04  Drone x4  
  43  4:06  Overlord  
  47  4:20  Drone x5  
  47  4:22  Drone  
  47  4:24  Queen  
  53  4:26  Lair  
  53  4:30  Extractor  
  54  4:43  Drone x4  
  54  4:44  Extractor  
  57  4:45  Extractor  
  57  4:46  Drone x3  
  57  4:51  Zergling x10  
  64  4:56  Zerg Ground Armor Level 1  
  64  5:09  Queen  
  64  5:11  Drone x6  
  64  5:13  Overlord  
  72  5:30  Overlord x3  
  72  5:32  Queen  
  72  5:35  Drone  
  75  5:36  Drone x5  
  80  5:55  Overseer  
  82  5:57  Roach x6  
  82  5:58  Roach x2  
  96  6:16  Infestation Pit  
  96  6:17  Zergling x2  
  96  6:18  Zergling x16  
  104  6:40  Overlord x2  
  104  6:41  Overlord x3  
  104  6:48  Glial Reconstitution  
  104  6:53  Extractor  
  103  6:55  Extractor, Drone x2  
  104  7:01  Drone  
  104  7:02  Drone x6  
  104  7:03  Extractor  
  104  7:05  Roach  
  104  7:06  Roach x11  
  134  7:18  Hive  
  134  7:19  Infestor  
  136  7:29  Ravager  
  137  7:34  Drone x5  
  137  7:36  Extractor  
  141  7:43  Drone  
  141  7:44  Drone x2  
  144  7:45  Overlord x4  
  144  7:46  Overlord x2  
  144  8:03  Overlord x3  
  144  8:04  Overlord  
  144  8:11  Drone  
  144  8:12  Drone x5  
  150  8:19  Infestor x4  
  158  8:30  Hatchery  
  157  8:46  Zergling x16  
  157  8:47  Zergling x14  
  157  8:48  Zergling x4  
  174  8:53  Ultralisk Cavern  
  173  8:57  Zerg Melee Weapons Level 1  
  173  8:58  Adrenal Glands  
  173  9:08  Extractor  
  172  9:11  Extractor  
  171  9:17  Baneling Nest  
  170  9:26  Drone  
  170  9:27  Drone x15  
  186  9:33  Roach  
  186  9:34  Roach x5  
  186  9:36  Ravager x2  
  200  9:40  Chitinous Plating  
  125  10:15  Roach  
  125  10:16  Roach x15  
  125  10:17  Roach x7  
  146  10:28  Roach x10  
Show
View Real Time Build Order
Export as new Build Order

인공지능 칸 (정예) Protoss - Winner!

Build Orders: 1 Gate Expand, Colossus Rush 

Get SALT Encoding   

  12  0:00  Probe  
  13  0:13  Probe  
  14  0:20  Pylon  
  14  0:25  Probe  
  15  0:34  Probe  
  15  0:42  Probe  
  16  0:48  Assimilator  
  17  0:50  Gateway  
  17  0:52  Probe  
  18  1:00  Probe, Pylon  
  19  1:08  Probe  
  20  1:18  Probe  
  21  1:30  Probe  
  22  1:38  Nexus  
  22  1:42  Probe  
  22  1:45  Zealot  
  25  1:58  Cybernetics Core  
  25  1:59  Probe  
  26  2:11  Probe  
  27  2:23  Probe  
  27  2:24  Warp Gate  
  27  2:26  Pylon  
  27  2:32  Stalker  
  27  2:35  Probe  
  30  2:41  Gateway  
  30  2:43  Assimilator  
  30  2:47  Probe  
  30  2:50  Probe  
  32  3:02  Adept, Pylon, Probe x2  
  36  3:10  Probe  
  36  3:14  Probe  
  38  3:25  Robotics Facility  
  38  3:28  Adept  
  38  3:30  Probe  
  38  3:31  Probe  
  38  3:32  Adept  
  44  3:42  Probe  
  44  3:43  Probe  
  46  3:51  Probe  
  46  3:54  Probe  
  48  3:58  Adept  
  48  3:59  Probe  
  48  4:02  Adept  
  52  4:06  Probe  
  54  4:10  Probe  
  54  4:15  Robotics Bay  
  54  4:17  Observer, Pylon  
  55  4:18  Probe  
  55  4:20  Probe  
  58  4:26  Robotics Facility  
  58  4:29  Pylon  
  58  4:35  Adept  
  60  4:39  Stalker  
  60  4:40  Probe  
  60  4:41  Probe  
  60  4:43  Pylon  
  64  4:55  Stalker  
  66  5:01  Gateway  
  66  5:06  Probe  
  66  5:10  Pylon  
  66  5:11  Zealot  
  66  5:13  Colossus  
  74  5:19  Zealot  
  76  5:25  Zealot  
  76  5:26  Pylon  
  78  5:39  Zealot  
  80  5:45  Stalker, Probe  
  80  5:47  Assimilator  
  80  5:49  Probe  
  83  5:50  Twilight Council  
  83  5:55  Zealot  
  83  5:56  Forge, Nexus  
  85  5:58  Assimilator  
  85  6:01  Gateway  
  85  6:02  Sentry  
  87  6:09  Probe x2  
  89  6:13  Pylon  
  89  6:18  Probe  
  89  6:22  Probe  
  91  6:26  Probe  
  91  6:31  Pylon  
  92  6:37  Pylon  
  92  6:51  Forge  
  92  6:53  Templar Archives  
  92  6:54  Photon Cannon  
  92  6:59  Photon Cannon  
  92  7:01  Stalker  
  92  7:05  Photon Cannon  
  92  7:06  Stalker  
  96  7:09  Probe x2  
  96  7:10  Stalker, Probe  
  101  7:16  Stalker  
  101  7:19  Assimilator  
  101  7:20  Assimilator  
  101  7:21  Probe  
  104  7:23  Probe x2  
  104  7:25  Sentry, Protoss Ground Weapons Level 1  
  104  7:26  Zealot  
  110  7:32  Protoss Ground Armor Level 1  
  110  7:33  Zealot, Probe  
  110  7:34  High Templar  
  110  7:35  Probe x2  
  117  7:45  Zealot, Probe  
  117  7:47  Probe  
  117  7:48  Probe, High Templar  
  117  7:50  Pylon  
  124  7:53  High Templar  
  126  8:01  Archon, Probe x3  
  126  8:03  High Templar  
  131  8:08  Pylon  
  131  8:12  High Templar  
  133  8:13  Probe x3  
  133  8:14  Pylon  
  133  8:15  Archon  
  133  8:16  Photon Cannon  
  136  8:22  High Templar, Photon Cannon  
  136  8:25  Probe  
  139  8:33  Psionic Storm  
  139  8:39  Photon Cannon  
  139  8:41  Gateway  
  139  8:42  Warp Prism  
  139  8:43  High Templar  
  139  8:46  Warp Prism  
  143  8:50  Archon  
  143  8:53  High Templar  
  143  8:54  Pylon  
  147  9:01  High Templar  
  149  9:02  Nexus  
  149  9:04  Zealot  
  151  9:13  Archon, Zealot  
  151  9:15  Pylon  
  153  9:17  Photon Cannon  
  153  9:21  Immortal  
  153  9:24  Stalker  
  155  9:25  Zealot  
  155  9:26  High Templar  
  155  9:30  Gateway  
  159  9:33  Observer, Sentry  
  159  9:35  Zealot  
  168  9:45  Zealot  
  170  9:47  Zealot  
  170  9:51  Observer  
  173  9:55  Stalker  
  173  9:56  Zealot x2  
  179  10:04  Immortal  
  179  10:05  Zealot  
  179  10:07  Zealot  
  171  10:09  Immortal  
  171  10:11  Pylon  
  161  10:15  Zealot  
  161  10:17  Sentry  
  161  10:18  Zealot  
  163  10:22  Archon  
  163  10:24  High Templar  
  163  10:25  Sentry  
  163  10:27  High Templar  
  163  10:28  Assimilator  
  169  10:30  Pylon  
  169  10:34  Assimilator  
  169  10:36  Photon Cannon  
  169  10:37  High Templar  
  169  10:42  Photon Cannon  
  171  10:44  Photon Cannon  
  171  10:47  High Templar  
  169  10:52  Photon Cannon  
  169  10:54  Archon, Adept  
  169  10:56  Adept, Pylon  
Tags
 
Add a new tag
Caveats
  • Supply blocks, unpowered buildings, or Contaminate may cause inaccurate times.
  • Supply counts are checked every 10 seconds.